 Dungeon Crawl Stone Soup version 0.15.2 (webtiles) character file.

375 Htamos the Ruinous (level 6, -5/35 HPs)
             Began as a Deep Elf Conjurer on Sept 3, 2019.
             Was an Initiate of Sif Muna.
             Slain by Huymann's ghost (8 damage)
             ... on Level 4 of the Dungeon.
             The game lasted 00:14:07 (4291 turns).

Htamos the Ruinous (Deep Elf Conjurer)              Turns: 4291, Time: 00:14:07

HP  -5/35        AC  5     Str 10      XL: 6   Next: 44%
MP  10/21        EV 13     Int 22      God: Sif Muna [......]
Gold 131         SH  0     Dex 15      Spells:  4 memorised,  5 levels left

rFire  . . .     SeeInvis .     e - +0 mace
rCold  . . .     Clarity  .     n - +2 robe
rNeg   . . .     rCorr    .     (no shield)
rPois  .         rRot     .     (no helmet)
rElec  .         Spirit   .     (no cloak)
SustAb .         Warding  .     (no gloves)
rMut   .         Stasis   .     s - +0 pair of boots
Gourm  .                        (no amulet)
MR     .....                    (no ring)
                                (no ring)

@: mighty, flying, very slightly contaminated, drained, not resistant to hostile
enchantments, unstealthy
A: no striking features
a: Renounce Religion


You were on level 4 of the Dungeon.
You worshipped Sif Muna.
Sif Muna was noncommittal.
You were very hungry.

You visited 1 branch of the dungeon, and saw 4 of its levels.

You collected 131 gold pieces.

Inventory:

Hand weapons
 e - a +0 mace (weapon)
Missiles
 u - 9 arrows of frost
Armour
 a - a +0 robe
 k - a +0 plate armour
 n - a +2 robe (worn)
 s - a +0 pair of boots (worn)
 t - a +0 pair of boots
Magical devices
 o - a wand of digging (15) {unknown}
Comestibles
 b - 3 bread rations
 j - a royal jelly
 l - 2 meat rations
 p - a beef jerky
 x - a chunk of goblin flesh
Scrolls
 g - a scroll of remove curse {unknown}
 h - 2 scrolls of teleportation {unknown}
 i - 4 scrolls of identify {unknown}
 r - a scroll of recharging {unknown}
 w - a scroll of blinking {unknown}
Potions
 d - a potion of restore abilities
 m - 4 potions of curing
 q - a potion of might
Books
 c - a book of Conjurations

   Spells                             Type                      Level
   *Magic Dart                        Conjuration                  1
   *Searing Ray                       Conjuration                  2
   Dazzling Spray                     Conjuration/Hexes            3
   *Fulminant Prism                   Conjuration/Hexes            4
   *Iskenderun's Mystic Blast         Conjuration                  4
   Iskenderun's Battlesphere          Conjuration/Charms           5


   Skills:
 * Level 1.8(1.3) Fighting
 + Level 3.6(3.1) Dodging
 - Level 2.5(2.0) Stealth
 + Level 5.6(5.0) Spellcasting
 + Level 6.4(5.9) Conjurations


You had 5 spell levels left.
You knew the following spells:

 Your Spells              Type           Power        Failure   Level  Hunger
a - Magic Dart            Conj           ####         1%          1    None
b - Searing Ray           Conj           ####..       1%          2    None
c - Iskenderun's Mystic   Conj           ####....     12%         4    ####...
d - Fulminant Prism       Conj/Hex       ###.......   34%         4    ####...


Dungeon Overview and Level Annotations

Branches:
Dungeon (4/15)
 Temple: D:4-7

Altars:
Sif Muna
Xom

Annotations:
D:4 Huymann's ghost, experienced DrBe


Message History

Aiming: Iskenderun's Mystic Blast
Press: ? - help, Shift-Dir - straight line, f/p - Huymann's ghost
Aim: Huymann's ghost (severely damaged)
The orb of energy hits Huymann's ghost.
Huymann's ghost is severely damaged.
The orb of energy explodes!
Huymann's ghost hits you!
* * * LOW HITPOINT WARNING * * *
Casting: Iskenderun's Mystic Blast
Confirm with . or Enter, or press ? or * to list all spells.
You don't know that spell.
Unknown command.
Casting: Iskenderun's Mystic Blast
Confirm with . or Enter, or press ? or * to list all spells.
Aiming: Iskenderun's Mystic Blast
Press: ? - help, Shift-Dir - straight line, f/p - Huymann's ghost
Aim: Huymann's ghost (severely damaged)
The orb of energy hits Huymann's ghost.
Huymann's ghost is almost destroyed.
The orb of energy explodes!
Huymann's ghost hits you!
You die...

###### #....# #....# #
#....# # #%...# # #....#
#################....#####.#
'...............@W..........
#################....#####.#
................%....'...#
#################....###.#
#....# #.# #....# #.# ######
#....# #.. .....# ######
##.. .....# ...


You could see Huymann's ghost.

Vanquished Creatures
  The ghost of terminal the Poker, a weakling TeBe of Trog (D:3)
  A giant frog zombie (D:3)
  An orc wizard (D:3)
  A worker ant (D:4)
  Jessica (D:2)
  6 adders
  4 gnolls (D:3)
  6 worms
  A giant mite (D:2)
  An adder skeleton (D:4)
  A giant gecko (D:2)
  8 oozes
  4 orcs (D:3)
  9 bats
  5 hobgoblins
  8 jackals
  3 quokkas (D:2)
  8 giant cockroaches
  9 giant newts
  15 goblins
  3 kobolds
  10 rats
106 creatures vanquished.

Notes
Turn   | Place    | Note
--------------------------------------------------------------
     0 | D:1      | Htamos, the Deep Elf Conjurer, began the quest for the Orb.
     0 | D:1      | Reached XP level 1. HP: 10/10 MP: 5/5
   168 | D:1      | Reached XP level 2. HP: 15/15 MP: 0/8
   390 | D:1      | Reached skill level 5 in Conjurations
   765 | D:2      | Reached XP level 3. HP: 20/20 MP: 1/11
   769 | D:2      | Learned a level 2 spell: Searing Ray
  1043 | D:2      | Noticed Jessica
  1047 | D:2      | Killed Jessica
  1047 | D:2      | Reached skill level 1 in Fighting
  1088 | D:2      | Reached XP level 4. HP: 25/25 MP: 3/14
  1564 | D:2      | Learned a level 4 spell: Iskenderun's Mystic Blast
  1569 | D:2      | Learned a level 4 spell: Fulminant Prism
  2515 | D:1      | Reached XP level 5. HP: 22/29 MP: 3/18
  3398 | D:3      | Reached skill level 6 in Conjurations
  3556 | D:3      | Reached skill level 5 in Spellcasting
  3662 | D:3      | Reached XP level 6. HP: 24/34 MP: 1/21
  3669 | D:3      | Noticed terminal's ghost (weakling TeBe)
  3782 | D:3      | Killed terminal's ghost
  3960 | D:3      | Found a shimmering altar of Xom.
  3960 | D:3      | Found a deep blue altar of Sif Muna.
  4045 | D:3      | Became a worshipper of Sif Muna the Loreminder
  4245 | D:4      | Noticed Huymann's ghost (experienced DrBe)
  4291 | D:4      | Slain by Huymann's ghost

Action                   |  1- 3 |  4- 6 || total
-------------------------+-------+-------++-------
Melee: Unarmed           |     1 |     1 ||     2
       Mace              |       |    21 ||    21
 Cast: Magic Dart        |    69 |   180 ||   249
       Iskenderun's Myst |       |    14 ||    14
  Use: Potion            |       |     5 ||     5
 Stab: Distracted        |       |     1 ||     1
  Eat: Bread ration      |       |     1 ||     1
       Chunk             |       |     5 ||     5
       Pizza             |       |     1 ||     1
